 Dungeon Crawl Stone Soup version 0.27-a0-506-g2188dfaaa0 (webtiles) character file.

Game seed: 12163272486976029553

43 Morbidden the Slasher (level 3, -2/28 HPs)
             Began as a Demonspawn Gladiator on Mar 3, 2021.
             Slain by a gnoll
             ... wielding a +0 spear
              (8 damage)
             ... on level 2 of the Dungeon.
             The game lasted 00:01:23 (1797 turns).

Morbidden the Slasher (Demonspawn Gladiator)        Turns: 1797, Time: 00:01:24

Health: -2/28      AC:  4    Str: 14    XL:     3   Next: 37%
Magic:  21/21      EV: 12    Int: 10    God:
Gold:   63         SH:  0    Dex: 14    Spells: 2/2 levels left

rFire    . . .     SeeInvis .   (no weapon)
rCold    . . .     Faith    .   (no shield)
rNeg     . . .     Spirit   .   b - +0 leather armour
rPois    .         Reflect  .   c - +0 helmet
rElec    .         Harm     .   (no cloak)
rCorr    .         Rampage  .   (no gloves)
Will     .....                  (no boots)
Stlth    +.........             e - amulet of magic regeneration
HPRegen  0.09/turn              j - ring of magical power
MPRegen  0.42/turn              a - ring of magical power

@: no status effects
A: claws 1, foul stench 1
a: no special abilities


You were on level 2 of the Dungeon.
You visited 1 branch of the dungeon, and saw 2 of its levels.

You collected 63 gold pieces.

Inventory:

Missiles
 d - 3 throwing nets (quivered)
Armour
 b - a +0 leather armour (worn)
 c - a +0 helmet (worn)
Jewellery
 a - a ring of magical power (right claw)
 e - an amulet of magic regeneration (around neck)
 j - a ring of magical power (left claw)
 k - a ring of flight
Scrolls
 f - a scroll of teleportation {unknown}
 g - a scroll of fog {unknown}
 h - a scroll of identify {unknown}
Potions
 i - a potion of resistance {unknown}


   Skills:
 * Level 2.5 Fighting
 - Level 3.1 Long Blades
 + Level 1.8 Throwing
 + Level 1.0 Armour
 + Level 2.9 Dodging
 * Level 0.2 Unarmed Combat


You had 2 spell levels left.
You didn't know any spells.
Your spell library was empty.

Dungeon Overview and Level Annotations

Branches:
Dungeon (2/15)

Altars:


Innate Abilities, Weirdness & Mutations

You have sharp fingernails.
You may rarely emit foul miasma when damaged in melee.


Message History

The gnoll hits you but does no damage.
You barely miss the gnoll.
The gnoll is heavily wounded.
The gnoll barely misses you.
You closely miss the gnoll.
The gnoll is heavily wounded.
The gnoll hits you with a +0 spear!
You emit a cloud of foul miasma!
You scratch the gnoll but do no damage.
The gnoll is heavily wounded.
The gnoll is engulfed in dark miasma.
The gnoll is poisoned.
The gnoll seems to slow down.
The gnoll hits you but does no damage.
You barely miss the gnoll.
The gnoll is heavily wounded.
The gnoll is engulfed in dark miasma.
The gnoll looks even sicker.
The gnoll closely misses you.
You closely miss the gnoll.
The gnoll is severely wounded.
Unknown command.
You kill the gnoll!
Your Armour skill increases to level 1!
There is a stone staircase leading up here.
You climb upwards.
There is a stone staircase leading down here.
You start resting.
You start resting.
HP restored.
Unknown command.
You climb downwards.
There is a stone staircase leading up here.
The gnoll completely misses you.
Your leather armour prevents you from hitting the gnoll.
The gnoll hits you with a +0 flail!
You scratch the gnoll.
The gnoll is lightly wounded.
The gnoll closely misses you.
There is a stone staircase leading up here.
The gnoll hits you with a +0 flail!
* * * LOW HITPOINT WARNING * * *
The gnoll hits you from afar with a +0 spear!
You die...

#############.#
#.......)ggg..#
#.############# ####
#..........
#####.....######g.#####
..........+.....g.#
...##.....######@.#
##..#.....# #..#
##.#.....# #..#
#.#.....# #..#
###.#.....######..#
.................>#
####.#####.#####.##
#..# #.# #.# ##.## #.#
#.#


You could see 2 gnolls.

Vanquished Creatures
  A gnoll (D:2)
  A worm (D:2)
  A dart slug (D:1)
  4 bats
  A giant cockroach (D:1)
  A goblin (D:1)
  4 hobgoblins
  4 jackals (D:2)
  A frilled lizard (D:1)
  7 kobolds
  3 rats
28 creatures vanquished.

Notes
Turn   | Place    | Note
-------+----------+-------------------------------------------
     0 | D:1      | Morbidden the Demonspawn Gladiator began the quest for the
                  | Orb.
     0 | D:1      | Reached XP level 1. HP: 16/16 MP: 1/1
   227 | D:1      | Reached skill level 3 in Long Blades
   771 | D:1      | Gained mutation: You may rarely emit foul miasma when
                  | damaged in melee. [demonic ancestry]
   771 | D:1      | Reached XP level 2. HP: 22/22 MP: 2/2
  1387 | D:2      | Gained mutation: You have sharp fingernails. [demonic
                  | ancestry]
  1387 | D:2      | Reached XP level 3. HP: 18/28 MP: 3/3
  1694 | D:2      | Reached skill level 1 in Armour
  1797 | D:2      | Slain by a gnoll

Illustrated notes

Levels and vault maps discovered:
D:1:      lightli_molten_gateway, layout_loops_cross
D:2:      layout_basic

Skill      XL: |  1  2  3 |
---------------+----------+-----
Long Blades    | 3 |  3.1
Armour         | 1 |  1.0
Fighting       | |  2.5
Throwing       | |  1.8
Dodging        | |  2.9
Unarmed Combat | |  0.2

Action                   || total
-------------------------++-------
Melee: Long sword        ||    70
       Unarmed           ||    23
 Stab: Sleeping          ||     1
Armor: Leather armour    ||    34
Dodge: Dodged            ||    74
       Rpst.: Long sword ||    13

Table legend: (Time is in decaauts)
 A = Elapsed time spent in this place.
 B = Non-inter-level travel time spent in this place.
 C = Inter-level travel time spent in this place.
 D = Time resting spent in this place.
 E = Time spent auto-exploring this place.
 F = Levels seen in this place.
 G = Mean time per level.
                   A        B        C        D        E       F      G
               +--------+--------+--------+--------+--------+-----+--------+
         Total |   1814 |   1814 |      0 |     84 |   1477 |   2 |  907.0 |
       Dungeon |   1814 |   1814 |      0 |     84 |   1477 |   2 |  907.0 |
               +--------+--------+--------+--------+--------+-----+--------+

Top non-repeatable levels by time:
     D:1: 1291 daAuts
     D:2: 522 daAuts
